 Dungeon Crawl Stone Soup version 0.30-a0-719-gcc4359ea44 (webtiles) character file.

Game seed: 8777836173656104066

4529 M4edhros the Martial Artist (level 10, -7/81 HPs)
             Began as an Octopode Transmuter on Jan 26, 2023.
             Was a High Priest of Cheibriados.
             Killed by divine providence
             ... invoked by an orc priest
              (12 damage)
             ... on level 9 of the Dungeon.
             The game lasted 00:13:09 (8243 turns).

M4edhros the Martial Artist (Octopode Transmuter)   Turns: 8243, Time: 00:13:09

Health: -7/81      AC:  9    Str: 20    XL:     10   Next: 39%
Magic:  0/22       EV: 20    Int: 33    God:    Cheibriados [*****.]
Gold:   545        SH:  0    Dex: 28    Spells: 2/13 levels left

rFire   x . .      SeeInvis .      - Unarmed
rCold   + + +      Faith    .    (shield currently unavailable)
rNeg    . . .      Spirit   +    (helmet currently unavailable)
rPois   +          Reflect  .    v - amulet of guardian spirit
rElec   .          Harm     .    b - +6 ring of intelligence
rCorr   .          Rampage  .    i - ring of wizardry
Will    .....                    u - ring of protection from cold
Stlth   ++                       w - ring of protection from cold
HPRegen 0.33/turn                f - ring of protection from cold
MPRegen 0.18/turn                o - ring of magical power
                                 C - +5 ring of evasion
                                 (no ring)

@: mighty, ice-form, very slow
A: freezing attack, boosted hp, almost no armour, amphibious, 8 rings, large,
(camouflage 1), (gelatinous body 1), (nimble swimmer 1), (tentacles)
a: End Transformation, Renounce Religion, Bend Time, Temporal Distortion,
Slouch, Step From Time


You were on level 9 of the Dungeon.
You worshipped Cheibriados.
Cheibriados was extremely pleased with you.
You were a creature of crystalline ice.
You visited 2 branches of the dungeon, and saw 10 of its levels.

You collected 545 gold pieces.

Inventory:

Missiles
 j - a throwing net
Armour
 h - a +0 buckler (melded)
Jewellery
 b - a +6 ring of intelligence (left front paw)
 f - a ring of protection from cold (on tentacle)
 i - a ring of wizardry (right front paw)
 o - a ring of magical power (on tentacle)
 u - a ring of protection from cold (on tentacle)
 v - an amulet of guardian spirit (around neck)
 w - a ring of protection from cold (on tentacle)
 C - a +5 ring of evasion (on tentacle)
 H - an amulet of the acrobat
Wands
 y - a wand of flame (25)
 A - a wand of charming (9)
Scrolls
 a - 2 scrolls of noise {unknown}
 c - a scroll of summoning
 d - 2 scrolls of teleportation {unknown}
 e - 2 scrolls of torment {unknown}
 g - 3 scrolls of immolation {unknown}
 m - a scroll of fog {unknown}
 q - 3 scrolls of magic mapping {unknown}
 r - 2 scrolls of vulnerability {unknown}
 s - 2 scrolls of enchant weapon {unknown}
 t - 5 scrolls of identify {unknown}
 x - 3 scrolls of enchant armour {unknown}
 D - 2 scrolls of blinking {unknown}
 G - a scroll of poison {unknown}
Potions
 k - 2 potions of magic
 l - 3 potions of brilliance
 n - a potion of flight
 p - a potion of mutation {unknown}
 z - a potion of lignification
 B - a potion of ambrosia {unknown}
 E - a potion of curing


   Skills:
 + Level 6.2 Fighting
 + Level 6.4 Dodging
 * Level 9.2 Unarmed Combat
 - Level 2.0 Spellcasting
 - Level 5.0 Transmutations
 - Level 7.0 Ice Magic


You had 2 spell levels left.
You knew the following spells:

 Your Spells              Type           Power      Damage    Failure   Level
a - Beastly Appendage     Tmut           72%        N/A       1%          1
b - Frozen Ramparts       Ice            98%        1d15      1%          3
c - Ice Form              Ice/Tmut       42%        N/A       2%          4
d - Hailstorm             Conj/Ice       26%        3d7       1%          3

Your spell library contained the following spells:

 Spells                   Type           Power      Damage    Failure   Level
 Freeze                   Ice            100%       1d10      1%          1
 Wereblood                Tmut           36%        N/A       1%          2
 Spider Form              Tmut/Pois      19%        N/A       2%          3
 Passage of Golubria      Tloc           3%         N/A       26%         4
 Silence                  Hex/Air        1%         N/A       54%         5
 Lehudib's Crystal Spear  Conj/Erth      1%         10d2      100%        8


Dungeon Overview and Level Annotations

Branches:
Dungeon (9/15)             Temple (1/1) D:5            Lair (0/5) D:9
    Orc: D:9-12

Altars:
Cheibriados
Fedhas
Gozag
Hepliaklqana
Okawaru
Ru
Sif Muna
Trog
Uskayaw
Yredelemnul
The Shining One

Shops:
D:1 :

Annotations:
D:6 1 runed translucent door, Heedrag's ghost, novice DsCj


Innate Abilities, Weirdness & Mutations

You are a creature of crystalline ice.
You have a powerful freezing melee attack.
Your maximum health is increased.
Your armour is entirely melded.
You are incapable of wielding weapons or throwing items.
You cannot wear most types of armour.
You are amphibious.
You can wear up to eight rings at the same time.
((Your skin changes colour to match your surroundings (Stealth+).))
((Your rubbery body absorbs attacks. (AC +1, EV +1)))
((You are camouflaged when in or above water. (Stealth+)))
((You have tentacles for arms and can constrict up to eight enemies at once.))


Message History

You hear some strange, mumbled words.
A magic dart appears from out of thin air!
The magic dart hits you.
* * * LOW HITPOINT WARNING * * *
The kobold brigand closely misses you. The warg completely misses you.
You pummel the kobold brigand!! You freeze the kobold brigand.
You kill the kobold brigand!
Cheibriados thoroughly appreciates the change of pace.
The kobold closely misses you. The kobold hits you but does no damage.
The orc priest looks satisfied for a moment.
The warg misses you.
Okay, then.
You feel very mighty all of a sudden. Something hits you but does no damage.
The kobold closely misses you. x2
The orc priest looks satisfied for a moment.
The warg closely misses you. The warg completely misses you.
You punch the warg! You freeze the warg.
The warg is heavily wounded.
The warg barely misses you. x2; The kobold hits you but does no damage.
Something hits you but does no damage. The kobold completely misses you.
You pummel the warg!! You freeze the warg!
You kill the warg!
Cheibriados thoroughly appreciates the change of pace.
The warg bites you.
* * * LOW HITPOINT WARNING * * *
The orc priest mumbles some strange prayers to Beogh against you.
Beogh smites you!
* * * LOW HITPOINT WARNING * * *
Something hits you but does no damage. The kobold hits you with a +0 dagger.
* * * LOW HITPOINT WARNING * * *
The kobold hits you but does no damage.
You pummel the orc priest!! You freeze the orc priest!
You kill the orc priest!
Cheibriados appreciates the change of pace.
The warg barely misses you. Something hits you.
* * * LOW HITPOINT WARNING * * *
The kobold misses you. The kobold closely misses you.
The orc priest mumbles some strange prayers to Beogh against you.
Beogh smites you!
You die...

..#. .#.#### .
####.....# .:
.........# ...
.........# ....
.........#.....
.(.....)K......
.......Yh.)....
.##...K))o...>.
#............
.........))....
.........#.....
.........#.....
.........# ....
.######### #...


You could see a warg, an orc priest and 2 kobolds.

Vanquished Creatures
  Joseph (D:7)
  Maggie (D:7)
  A warg (D:9)
  5 orc warriors
  2 black bears
  An ogre (D:5)
  A phantom (D:5)
  2 kobold brigands
  3 bullfrogs
  A necrophage (D:5)
  A gnoll sergeant (D:7)
  5 scorpions
  15 wights
  5 killer bees (D:7)
  4 electric eels (D:6)
  2 hounds (D:6)
  A gnoll bouda (D:7)
  10 orc priests
  A jelly (D:6)
  3 iguanas (D:4)
  Natasha (thrice) (D:2)
  6 orc wizards
  16 gnolls
  4 adders
  A shadow imp (D:7)
  A white imp (D:7)
  An ufetubus (D:5)
  A worm (D:8)
  A dart slug (D:2)
  24 orcs
  7 ball pythons
  6 endoplasms
  4 giant cockroaches
  29 goblins
  29 hobgoblins
  7 jackals
  2 quokkas
  3 bats
  11 kobolds
  11 rats
232 creatures vanquished.

Notes
Turn   | Place    | Note
-------+----------+-------------------------------------------
     0 | D:1      | M4edhros the Octopode Transmuter began the quest for the
                  | Orb.
     0 | D:1      | Reached XP level 1. HP: 13/13 MP: 3/3
    71 | D:1      | Found Owkacips's Vocational Training.
   157 | D:1      | Reached XP level 2. HP: 18/18 MP: 5/5
   700 | D:2      | Reached XP level 3. HP: 21/23 MP: 6/6
   781 | D:2      | Learned a level 3 spell: Frozen Ramparts
   818 | D:2      | Noticed Natasha
   832 | D:2      | Killed Natasha
   833 | D:2      | Reached XP level 4. HP: 12/29 MP: 7/7
   993 | D:2      | Noticed Natasha
  1003 | D:2      | Killed Natasha
  1004 | D:2      | Reached skill level 1 in Ice Magic
  1098 | D:2      | Noticed Natasha
  1105 | D:2      | Killed Natasha
  1106 | D:2      | Reached skill level 4 in Unarmed Combat
  1309 | D:2      | Reached XP level 5. HP: 29/34 MP: 8/8
  1880 | D:3      | Found a hide-covered altar of Uskayaw.
  1999 | D:3      | Noticed a black bear
  2009 | D:3      | Killed a black bear
  2010 | D:3      | Reached XP level 6. HP: 32/40 MP: 9/9
  2088 | D:3      | Found a glowing golden altar of the Shining One.
  2244 | D:3      | Found a faded altar of an unknown god.
  2846 | D:4      | Learned a level 4 spell: Ice Form
  2962 | D:4      | Reached XP level 7. HP: 45/45 MP: 1/10
  3602 | D:5      | Entered Level 5 of the Dungeon
  3692 | D:5      | Reached skill level 5 in Unarmed Combat
  3725 | D:5      | Found a staircase to the Ecumenical Temple.
  3736 | Temple   | Entered the Ecumenical Temple
  3742 | Temple   | Became a worshipper of Cheibriados the Contemplative
  4059 | D:5      | Reached XP level 8. HP: 52/52 MP: 7/11
  4064 | D:5      | Learned a level 3 spell: Hailstorm
  4372 | D:6      | Reached skill level 6 in Unarmed Combat
  4429 | D:6      | Reached * piety under Cheibriados
  4785 | D:6      | Reached ** piety under Cheibriados
  4995 | D:6      | Reached skill level 5 in Ice Magic
  5382 | D:6      | Found a runed translucent door.
  5400 | D:6      | Noticed Heedrag's ghost (novice DsCj)
  5603 | D:7      | Reached *** piety under Cheibriados
  5604 | D:7      | Reached XP level 9. HP: 58/58 MP: 12/12
  5626 | D:7      | Reached skill level 7 in Unarmed Combat
  5652 | D:7      | Noticed Joseph
  5654 | D:7      | Noticed Maggie
  5667 | D:7      | Killed Maggie
  5668 | D:7      | Reached skill level 5 in Dodging
  5668 | D:7      | Reached skill level 5 in Transmutations
  5673 | D:7      | HP: 1/88 [Joseph/+0 quarterstaff (4)]
  5679 | D:7      | HP: 2/88 [Joseph/+0 quarterstaff (1)]
  5680 | D:7      | Killed Joseph
  5997 | D:7      | Reached skill level 5 in Fighting
  6370 | D:7      | Reached **** piety under Cheibriados
  6371 | D:7      | Reached skill level 8 in Unarmed Combat
  6535 | D:7      | Found an opulent altar of Gozag.
  6626 | D:7      | Reached XP level 10. HP: 37/66 MP: 10/13
  7076 | D:8      | Noticed a moth of wrath
  7076 | D:8      | Found a bloodstained altar of Trog.
  8060 | D:8      | Reached skill level 9 in Unarmed Combat
  8226 | D:9      | Found a staircase to the Lair.
  8234 | D:9      | Reached ***** piety under Cheibriados
  8243 | D:9      | Killed from afar by an orc priest

Illustrated notes

Levels and vault maps discovered:
D:1:      minmay_arrival_five_plusses, layout_loops_ring,
          nicolae_shop_vocational
D:2:      layout_loops_corners, uniq_natasha
D:3:      layout_loops_ring, mainiacjoe_overflow_tiny_flanked,
          mainiacjoe_overflow_boulevard, ebering_ecumenical_altar_abandoned
D:4:      layout_basic, fountainhead
D:5:      layout_basic, minmay_temple_entry_overgrown, serial_bayou,
          serial_bayou_lagoon_a, serial_bayou_lake_a, serial_bayou_pond_c,
          serial_bayou_ford_a
D:6:      minmay_goblin_kobold_castle, layout_basic,
          ebering_ghost_reflecting_pool, hangedman_abyss_or_decor_lesser_grid,
          chequers_serial_rivers_micro_a
D:7:      cheibrodos_iron_armory, layout_loops_corners,
          mainiacjoe_overflow_brackets, uniq_maggie, uniq_joseph
D:8:      layout_cave_pods, tgw_trog, kennysheep_pointless_box, corner_web_ring
D:9:      minmay_the_grid_triangle_9x9_recursive_2_mashed
          [minmay_the_grid_triangle_9x9_prize_insulated,
          minmay_the_grid_triangle_9x9_odd_lines,
          minmay_the_grid_triangle_9x9_minimal,
          minmay_the_grid_triangle_9x9_subtriangle], layout_stronghold,
          zin_angel, erik_lair_orcish_takeover, uniq_grum
Temple:   nicolae_temple_bog_church

Skill      XL: |  1  2  3  4  5  6  7  8  9 10 |
---------------+-------------------------------+-----
Ice Magic      | 1 2 3 4 5 7 |  7.0
Unarmed Combat | 4 5 6 8 9 |  9.2
Fighting       | 2 3 4 5 6 |  6.2
Dodging        | 3 4 5 6 |  6.4
Transmutations | 3 4 5 |  5.0
Spellcasting   | |  2.0

Action                     |  1- 3 |  4- 6 |  7- 9 | 10-12 || total
---------------------------+-------+-------+-------+-------++-------
  Melee: Unarmed           |    69 |   102 |   291 |    79 ||   541
         Constrict         |    13 |    21 |    14 |     4 ||    52
         Tentacles         |     7 |    25 |     6 |     5 ||    43
         Punch             |     1 |    10 |     9 |     2 ||    22
   Cast: Ice Form          |       |     1 |    23 |     5 ||    29
         Frozen Ramparts   |       |     1 |     3 |     1 ||     5
         Hailstorm         |       |       |       |     3 ||     3
    Use: Potion            |     1 |     4 |    13 |     1 ||    19
   Stab: Sleeping          |     6 |    15 |     6 |     1 ||    28
 Armour: Skin              |     8 |    17 |   121 |    23 ||   169
  Dodge: Dodged            |    31 |    48 |   174 |   103 ||   356
  Block: Buckler           |       |       |    11 |     3 ||    14

Table legend: (Time is in decaauts)
 A = Elapsed time spent in this place.
 B = Non-inter-level travel time spent in this place.
 C = Inter-level travel time spent in this place.
 D = Time resting spent in this place.
 E = Time spent auto-exploring this place.
 F = Levels seen in this place.
 G = Mean time per level.
                   A        B        C        D        E       F      G
               +--------+--------+--------+--------+--------+-----+--------+
         Total |   9706 |   9407 |    299 |    158 |   7545 |  10 |  970.6 |
       Dungeon |   9693 |   9400 |    293 |    158 |   7545 |   9 | 1077.0 |
        Temple |     12 |      6 |      6 |      0 |      0 |   1 |   12.0 |
               +--------+--------+--------+--------+--------+-----+--------+

Top non-repeatable levels by time:
     D:7: 2140 daAuts
     D:8: 1639 daAuts
     D:6: 1570 daAuts
     D:2: 1170 daAuts
     D:4: 1003 daAuts
     D:3: 739 daAuts
     D:5: 731 daAuts
     D:1: 683 daAuts
     D:9: 15 daAuts
  Temple: 12 daAuts
